Map: Sludge City

Players

Ender

  • Race: Terran Terran
  • Spawn Location: 5:00

Bushman

  • Race: Terran Terran
  • Spawn Location: 5:00

xKawaiian - Winner!

  • Race: Terran Terran
  • League: Master
  • Spawn Location: 11:00

Kitana - Winner!

  • Race: Protoss Protoss
  • Spawn Location: 9:00

VOD

Have the link to the VOD?

Description

Time

  • Played on: Jan. 31, 2016, 10:03 p.m.
  • Length: 6:41
Show
View Real Time Build Order
Export as new Build Order

Ender Terran 

Build Orders:  

Get SALT Encoding   

  12  0:01  SCV  
  13  0:13  SCV  
  14  0:23  Supply Depot  
  14  0:25  SCV  
  15  0:44  SCV  
  15  0:48  Barracks  
  16  0:56  SCV  
  17  0:59  Barracks  
  17  1:12  SCV  
  17  1:14  Supply Depot  
  18  1:25  SCV  
  19  1:35  Marine  
  20  1:40  Barracks  
  20  1:49  Marine  
  21  1:56  Command Center  
  21  1:57  Marine  
  22  2:07  Marine  
  23  2:09  Orbital Command  
  23  2:15  Marine  
  24  2:25  Marine  
  24  2:29  Refinery  
  25  2:33  Marine x2  
  27  2:43  Marine  
  27  2:53  Marine x2  
  27  2:55  SCV  
  30  3:01  Marine  
  31  3:32  Marine  
  31  3:33  Marine  
  31  3:47  Supply Depot  
  31  3:53  Barracks Tech Lab  
  31  3:54  Barracks  
  31  3:58  Marine x2  
  31  3:59  SCV  
  34  4:05  Factory  
  32  4:11  SCV  
  32  4:16  Marine x2  
  33  4:23  SCV  
  34  4:29  Supply Depot  
  34  4:31  Orbital Command  
  32  4:38  Marine x2  
  32  4:39  Marine  
  32  4:40  Concussive Shells  
  31  4:52  Refinery  
  31  4:54  Marine  
  31  4:56  Marine x2  
  31  4:57  Marauder  
  18  5:14  Marine  
  17  5:22  SCV  
  16  5:30  Marauder  
  16  5:32  Marine  
  16  5:35  SCV  
  19  5:56  Barracks Tech Lab, Widow Mine  
  21  6:16  Marauder, Marine x3  
Show
View Real Time Build Order
Export as new Build Order

Bushman Terran 

Build Orders:  

Get SALT Encoding   

  12  0:00  SCV  
  13  0:13  SCV  
  14  0:18  Supply Depot  
  14  0:25  SCV  
  15  0:40  SCV  
  15  0:42  Barracks  
  16  0:47  Refinery  
  16  0:52  SCV  
  17  1:04  SCV  
  18  1:17  SCV  
  19  1:30  Command Center  
  20  1:32  Reaper  
  20  1:34  SCV  
  21  1:44  Supply Depot  
  21  1:46  SCV  
  22  1:57  Barracks  
  22  1:59  SCV  
  23  2:07  Reaper  
  24  2:14  Orbital Command  
  24  2:22  Refinery  
  23  2:36  Factory  
  23  2:40  Marine  
  23  2:43  Barracks Tech Lab  
  24  2:51  Barracks  
  24  2:52  SCV  
  25  3:08  Marine  
  25  3:09  Marauder  
  25  3:10  Concussive Shells  
  25  3:30  SCV  
  26  3:35  Orbital Command  
  26  3:40  Barracks Tech Lab  
  26  3:42  SCV  
  27  3:49  Starport  
  27  3:53  Barracks Tech Lab  
  27  3:54  SCV  
  27  3:55  Marauder  
  30  4:02  Factory Reactor  
  30  4:03  SCV  
  30  4:06  SCV  
  32  4:12  Engineering Bay  
  32  4:14  Marine  
  32  4:15  SCV  
  32  4:16  Marauder  
  36  4:20  SCV  
  36  4:23  Refinery  
  36  4:24  Marine  
  38  4:34  Marauder, SCV  
  38  4:35  SCV  
  42  4:41  Marauder  
  44  4:45  Terran Infantry Weapons Level 1  
  44  4:46  Refinery  
  44  4:47  SCV  
  44  4:48  SCV  
  46  5:03  Supply Depot  
  46  5:05  Supply Depot  
  46  5:12  Engineering Bay  
  46  5:15  Medivac, Marauder, Marine x2  
  52  5:33  Marauder, Marine  
  54  5:37  Marauder  
  42  5:50  Marine  
  42  5:54  Marine  
  27  5:58  Marine  
  22  6:08  Marine  
  16  6:12  Marine  
  16  6:15  Marine  
  15  6:26  Barracks  
  15  6:29  Barracks  
Show
View Real Time Build Order
Export as new Build Order

xKawaiian Terran - Winner!

Build Orders:  

Get SALT Encoding   

  12  0:00  SCV  
  13  0:12  SCV  
  14  0:18  Supply Depot  
  14  0:25  SCV  
  15  0:40  SCV  
  15  0:42  Barracks  
  16  0:44  Refinery  
  16  0:50  Barracks  
  16  0:55  SCV  
  17  0:58  Barracks, Refinery  
  17  1:07  SCV  
  18  1:14  Supply Depot  
  18  1:30  Reaper, Orbital Command  
  19  1:39  Reaper  
  20  1:45  Reaper  
  21  1:47  Barracks  
  21  1:50  Barracks  
  21  1:54  Supply Depot  
  21  1:55  SCV  
  21  1:59  Supply Depot  
  22  2:02  Reaper  
  22  2:08  SCV  
  24  2:11  Reaper  
  24  2:15  Supply Depot  
  25  2:17  Reaper  
  25  2:20  SCV  
  27  2:32  SCV  
  27  2:34  Reaper  
  27  2:35  Barracks, Reaper  
  30  2:37  Barracks  
  30  2:38  Reaper  
  30  2:44  Reaper, SCV  
  32  2:49  Reaper  
  32  2:51  Supply Depot  
  33  2:52  Supply Depot  
  33  2:56  SCV  
  34  3:06  Reaper  
  34  3:07  Reaper  
  34  3:08  SCV  
  34  3:10  Reaper  
  38  3:16  Reaper  
  38  3:21  Reaper  
  40  3:29  Marine  
  37  3:36  Barracks  
  37  3:37  Barracks  
  37  3:38  Reaper  
  37  3:39  Reaper  
  38  3:42  Reaper  
  38  3:43  Barracks Tech Lab  
  38  3:44  Supply Depot  
  38  3:45  Supply Depot  
  38  3:47  Marine  
  38  3:48  Reaper  
  40  3:52  SCV  
  40  3:53  Reaper  
  42  3:59  Supply Depot  
  42  4:01  Supply Depot  
  42  4:05  Marine  
  42  4:07  Marine  
  43  4:10  Reaper  
  43  4:11  Marine  
  43  4:14  Marine  
  45  4:18  SCV  
  45  4:20  Marine  
  45  4:23  Marine x3  
  50  4:25  Reaper x2  
  50  4:29  Marine  
  50  4:30  SCV  
  54  4:32  Marine  
  54  4:37  Marine  
  56  4:40  Marine  
  56  4:41  Marine x2  
  56  4:42  Marine  
  60  4:47  Marine  
  60  4:50  Marine  
  62  4:55  Marine  
  62  4:56  Marine  
  62  4:57  Marine  
  62  4:58  Marine  
  62  4:59  Marine x2  
  67  5:00  Marine  
  67  5:05  Marine  
  69  5:08  Marine  
  69  5:13  Marine  
  71  5:14  Marine  
  71  5:15  SCV, Marine  
  71  5:16  Marine  
  71  5:17  Marine x2  
  71  5:18  Marine  
  71  5:20  Factory  
  78  5:23  Marine  
  74  5:29  Marine  
  74  5:31  Marine  
  75  5:38  Marine x2  
  72  5:46  Marine  
  72  5:48  Marine x2  
  75  5:52  Command Center  
  75  5:53  SCV  
  76  5:57  Marine x2  
  76  6:01  Marine x2  
  77  6:04  Marine  
  77  6:05  SCV  
  77  6:07  Starport, Factory Reactor  
  77  6:17  SCV  
  74  6:20  Marine x2  
  74  6:29  SCV  
Show
View Real Time Build Order
Export as new Build Order

Kitana Protoss - Winner!

Build Orders:  

Get SALT Encoding   

  12  0:01  Probe (Chrono Boost)  
  13  0:11  Probe (Chrono Boost)  
  14  0:22  Pylon  
  14  0:23  Probe (Chrono Boost)  
  15  0:40  Probe (Chrono Boost)  
  16  1:36  Assimilator  
  16  1:38  Assimilator  
Tags
 
Add a new tag
Caveats
  • Supply blocks, unpowered buildings, or Contaminate may cause inaccurate times.
  • Supply counts are checked every 10 seconds.